WINNIPEG Jets vs DALLAS Stars

Created - 27 mars 2024 at 16:16

Goals
1 2 3 T
WINNIPEG Jets 3 4 2 9
DALLAS Stars 3 0 2 5
Shots
1 2 3 T
WINNIPEG Jets 11 17 13 41
DALLAS Stars 13 7 9 29

1st period

1. DALLAS Stars , Jesperi Kotkaniemi 21 (Juuso Valimaki 25) at 5:53 (PP)
2. WINNIPEG Jets , Brian Dumoulin 3 (Nick Suzuki 29, Alexander Kerfoot 10) at 7:43 (SH)
3. DALLAS Stars , Jesperi Kotkaniemi 22 (Juuso Valimaki 26) at 10:28
4. WINNIPEG Jets , Rasmus Dahlin 15 (Clayton Keller 23, Nick Suzuki 30) at 13:24 (PP)
5. DALLAS Stars , Sonny Milano 20 (Peyton Krebs 36) at 16:32
6. WINNIPEG Jets , Logan Couture 18 (Clayton Keller 24, Alexander Kerfoot 11) at 18:19

Penalties :
Logan Couture (WPG) for Tripping (Minor) at 4:01, Evan Bouchard (WPG) for Tripping (Minor) at 6:25, Paul Cotter (DAL) for Roughing (Minor) at 13:01

2nd period

7. WINNIPEG Jets , Tim Stutzle 19 (Logan Couture 26, Troy Terry 12) at 0:31
8. WINNIPEG Jets , Logan Couture 19 (Troy Terry 13, Tim Stutzle 26) at 5:05
9. WINNIPEG Jets , Miro Heiskanen 10 (Tim Stutzle 27, Travis Sanheim 30) at 12:07 (PP)
10. WINNIPEG Jets , Brandon Hagel 24 (Rasmus Dahlin 41, Nick Suzuki 31) at 18:47 (PP)

Penalties :
Ryan Suter (DAL) for Hooking (Minor) at 11:16, Rasmus Dahlin (WPG) for Slashing (Minor) at 12:13, Ryan Suter (DAL) for Tripping (Minor) at 18:41

3rd period

11. DALLAS Stars , Sonny Milano 21 (Peyton Krebs 37, Ryan Suter 35) at 6:53
12. DALLAS Stars , Ben Hutton 2 (Conor Timmins 20, Jesperi Kotkaniemi 29) at 9:06 (PP)
13. WINNIPEG Jets , Rasmus Dahlin 16 (Logan Couture 27, Evan Bouchard 36) at 11:23 (PP)
14. WINNIPEG Jets , Jaden Schwartz 10 (Radek Faksa 8, Ilya Mikheyev 11) at 16:11

Penalties :
Rasmus Dahlin (WPG) for Tripping (Minor) at 3:38, Travis Sanheim (WPG) for Tripping (Minor) at 7:28, Marc-Edouard Vlasic (DAL) for Holding (Minor) at 11:07, Brendan Gallagher (DAL) for Fighting (Major) at 15:35, Clayton Keller (WPG) for Fighting (Major) at 15:35, Tim Stutzle (WPG) for Roughing (Minor) at 18:56

Goalie Stats

Jeremy Swayman (WPG), 24 saves from 29 shots - (0,828), W, 31-19-7, 60:00 minutes
Carter Hart (DAL), 10 saves from 12 shots - (0,833), L, 15-15-4, 13:42 minutes
Matthew Villalta (DAL), 22 saves from 29 shots - (0,759), 46:18 minutes

Players Stats for WINNIPEG Jets

Player Name              G  A  P  +/- PIM S  H  SB GA TA FO     MP     PP MP  PK MP  
------------------------------------------------------------------------------------
Alexander Kerfoot        0  2  2   1  0   3  1  0  0  0  0/0    18:35   0:00   7:19 
Brandon Hagel            1  0  1  -1  0   6  1  1  0  0  0/0    15:36   0:37   0:00 
Brian Dumoulin           1  0  1   0  0   2  0  2  0  0  0/0    24:47   0:00   6:02 
Clayton Keller           0  2  2   0  5   1  1  0  0  0  0/0    11:03   0:37   0:00 
Evan Bouchard            0  1  1   2  2   1  1  0  0  0  0/0    16:08   1:03   1:08 
Ilya Mikheyev            0  1  1   0  0   1  1  0  0  0  2/3    14:27   0:00   3:11 
Jaden Schwartz           1  0  1   0  0   2  1  0  0  0  0/0    11:16   0:00   0:00 
Kaapo Kakko              0  0  0   0  0   0  0  0  0  0  0/0     0:00   0:00   0:00 
Logan Couture            2  2  4   2  2   7  3  0  0  0  21/33  22:37   0:59   0:00 
Mathew Barzal            0  0  0  -1  0   4  1  1  0  0  0/0    15:58   0:59   0:00 
Miro Heiskanen           1  0  1  -1  0   2  2  2  0  0  0/0    19:18   0:33   0:00 
Nick Suzuki              0  3  3   0  0   3  3  0  0  0  24/38  22:55   0:37   7:19 
Radek Faksa              0  1  1   0  0   2  2  0  0  0  8/15   14:27   0:00   3:11 
Rasmus Dahlin            2  1  3   0  4   2  2  0  0  0  0/0    19:43   1:03   3:31 
Tim Stutzle              1  2  3   2  2   3  0  0  0  0  0/0    11:21   0:59   0:00 
Travis Sanheim           0  1  1   2  2   1  1  0  0  0  0/0    19:27   0:33   4:57 
Trevor van Riemsdyk      0  0  0   1  0   0  0  0  0  0  0/0    20:33   0:00   5:22 
Troy Terry               0  2  2   2  0   1  0  0  0  0  1/1    11:12   0:00   0:00 

Players Stats for DALLAS Stars

Player Name              G  A  P  +/- PIM S  H  SB GA TA FO     MP     PP MP  PK MP  
------------------------------------------------------------------------------------
Alexander Radulov        0  0  0   0  0   1  0  0  0  0  1/10    9:31   0:39   0:23 
Aliaksei Protas          0  0  0  -2  0   4  3  0  0  0  0/1    17:20   5:41   1:36 
Andreas Johnsson         0  0  0   0  0   0  1  0  0  0  0/0     8:29   0:00   0:00 
Ben Hutton               1  0  1  -1  0   1  1  0  0  0  0/0    17:36   5:05   0:00 
Brendan Gallagher        0  0  0   1  5   0  2  0  0  0  0/1    13:11   0:00   0:00 
Cal Clutterbuck          0  0  0   0  0   0  0  0  0  0  0/0     8:29   0:00   0:00 
Conor Timmins            0  1  1  -2  0   2  3  2  0  0  0/0    21:55   5:05   0:29 
Emil Bemstrom            0  0  0   0  0   2  2  0  0  0  0/1    18:47   4:49   0:00 
Jesperi Kotkaniemi       2  1  3   1  0   7  6  0  0  0  12/26  19:39   5:41   0:00 
Jesse Ylonen             0  0  0   0  0   2  1  1  0  0  0/1    21:13   5:03   0:00 
Juuso Valimaki           0  2  2   1  0   1  5  3  0  0  0/0    24:18   5:24   0:50 
Marc-Edouard Vlasic      0  0  0  -2  2   1  1  3  0  0  0/0    17:48   0:00   0:30 
Nicklas Backstrom        0  0  0  -2  0   0  0  0  0  0  0/0     9:17   0:00   0:00 
Paul Cotter              0  0  0  -2  2   0  0  1  0  0  5/15   10:29   0:00   1:13 
Peyton Krebs             0  2  2  -1  0   0  2  0  0  0  16/35  20:59   4:49   0:00 
Ryan Suter               0  1  1   1  4   3  3  3  0  0  0/0    23:27   5:25   0:00 
Sean Walker              0  0  0  -1  0   0  1  1  0  0  0/0    14:53   0:01   1:23 
Sonny Milano             2  0  2  -1  0   5  4  0  0  0  0/0    20:58   4:48   0:00 

3 Stars

1 - Logan Couture (WPG)
2 - Jesperi Kotkaniemi (DAL)
3 - Tim Stutzle (WPG)

Power Play

WINNIPEG Jets - 4 on 4 Attempt(s) - 100,00%
DALLAS Stars - 2 on 6 Attempt(s) - 33,33%

Penalty Kill

WINNIPEG Jets - 4 on 6 Attempt(s) - 66,67% - Score 1 goal in Penalty Kill
DALLAS Stars - 0 on 4 Attempt(s) - 0,00% - Score 0 goal in Penalty Kill

Team Stat

WINNIPEG Jets - Hits : 20 - Faceoff Wins : 56 - Blocked Shots : 6 - Penalty Minutes : 17
DALLAS Stars - Hits : 35 - Faceoff Wins : 34 - Blocked Shots : 14 - Penalty Minutes : 13

Official

Referees : Maria Furberg and Conor O'Donnell
Linesman : Diana Mokhova and Ryan Galloway

Game Notes

Carter Hart enters game at 5:05 of 2nd period
Matthew Villalta enters game at 18:47 of 2nd period
Brendan Gallagher and Clayton Keller fight to a draw at 15:35 of 3rd period

Finance

Level 1 -- Attendance: 4044 (62,22%) -- Ticket Income $485,280
Level 2 -- Attendance: 3515 (58,58%) -- Ticket Income $239,020
Level 3 -- Attendance: 1919 (47,98%) -- Ticket Income $65,246
Level 4 -- Attendance: 2374 (52,76%) -- Ticket Income $71,220
Luxury Box -- Attendance: 733 (73,30%) -- Ticket Income $161,260
Game was played at the American Airlines Center.
Total Attendance: 12585 (57,20%)
Total Ticket Income: $1,022,026
Other Income: $255,506
Total Income: $1,277,532

WINNIPEG Jets

5 vs 5 Forward 
   Center                   Left Wing                Right Wing               Time % Phy DF OF 
 1 Nick Suzuki              Brandon Hagel            Mathew Barzal            32     1   2  2  
 2 Logan Couture            Alexander Kerfoot        Clayton Keller           30     1   2  2  
 3 Logan Couture            Tim Stutzle              Troy Terry               28     1   2  2  
 4 Radek Faksa              Jaden Schwartz           Ilya Mikheyev            10     2   2  1  

5 vs 5 Defense 
   Defense                  Defense                                           Time % Phy DF OF 
 1 Miro Heiskanen           Brian Dumoulin                                    40     1   2  2  
 2 Trevor van Riemsdyk      Rasmus Dahlin                                     30     1   2  2  
 3 Travis Sanheim           Evan Bouchard                                     20     1   2  2  
 4 Travis Sanheim           Evan Bouchard                                     10     1   2  2  

PowerPlay Forward 
   Center                   Left Wing                Right Wing               Time % Phy DF OF 
 1 Nick Suzuki              Brandon Hagel            Clayton Keller           60     1   2  2  
 2 Logan Couture            Tim Stutzle              Mathew Barzal            40     1   2  2  

PowerPlay Defense
   Defense                  Defense                                           Time % Phy DF OF 
 1 Rasmus Dahlin            Evan Bouchard                                     60     1   2  2  
 2 Miro Heiskanen           Travis Sanheim                                    40     1   2  2  

Penalty Kill 4 Players Forward 
   Center                   Wing                     Time % Phy DF OF 
 1 Nick Suzuki              Alexander Kerfoot        60     1   2  2  
 2 Radek Faksa              Ilya Mikheyev            40     1   2  2  

Penalty Kill 4 Players Defense
   Defense                  Defense                  Time % Phy DF OF 
 1 Brian Dumoulin           Trevor van Riemsdyk      60     1   2  2  
 2 Travis Sanheim           Rasmus Dahlin            40     1   2  2  

Penalty Kill - 3 Players Forward 
   Forward                                           Time % Phy DF OF 
 1 Logan Couture                                     60     1   2  2  
 2 Nick Suzuki                                       40     1   2  2  

Penalty Kill - 3 Players Defense
   Defense                  Defense                  Time % Phy DF OF 
 1 Rasmus Dahlin            Miro Heiskanen           60     1   2  2  
 2 Evan Bouchard            Brian Dumoulin           40     1   2  2  

4 vs 4 Forward 
   Center                   Wing                     Time % Phy DF OF 
 1 Mathew Barzal            Brandon Hagel            60     1   2  2  
 2 Radek Faksa              Jaden Schwartz           40     1   2  2  

4 vs 4 Defense
   Defense                  Defense                  Time % Phy DF OF 
 1 Trevor van Riemsdyk      Travis Sanheim           60     1   2  2  
 2 Evan Bouchard            Brian Dumoulin           40     1   2  2  

Last Minutes Offensive
   Center                   Left Wing                Right Wing               Defense                  Defense                  
   Logan Couture            Clayton Keller           Mathew Barzal            Rasmus Dahlin            Miro Heiskanen           

Last Minutes Defensive
   Center                   Left Wing                Right Wing               Defense                  Defense                  
   Logan Couture            Clayton Keller           Alexander Kerfoot        Brian Dumoulin           Trevor van Riemsdyk      

Goaltenders
Starting : Jeremy Swayman           
Backup : Pavel Francouz           

Extra Forwards
Normal : Troy Terry, Nick Suzuki, Alexander Kerfoot - PP : Troy Terry, Nick Suzuki - PK : Troy Terry
Extra Defensemen
Normal : Brian Dumoulin, Trevor van Riemsdyk, Travis Sanheim - PP : Brian Dumoulin - PK : Brian Dumoulin, Trevor van Riemsdyk
Penalty Shots
Clayton Keller, Tim Stutzle, Brandon Hagel, Logan Couture, Nick Suzuki

Scratches
None

DALLAS Stars

5 vs 5 Forward 
   Center                   Left Wing                Right Wing               Time % Phy DF OF 
 1 Peyton Krebs             Sonny Milano             Jesse Ylonen             35     1   2  2  
 2 Jesperi Kotkaniemi       Emil Bemstrom            Brendan Gallagher        30     1   2  2  
 3 Paul Cotter              Nicklas Backstrom        Aliaksei Protas          20     1   2  2  
 4 Alexander Radulov        Andreas Johnsson         Cal Clutterbuck          15     1   2  2  

5 vs 5 Defense 
   Defense                  Defense                                           Time % Phy DF OF 
 1 Juuso Valimaki           Ryan Suter                                        40     1   1  3  
 2 Marc-Edouard Vlasic      Conor Timmins                                     30     1   2  2  
 3 Sean Walker              Ben Hutton                                        20     2   2  1  
 4 Conor Timmins            Marc-Edouard Vlasic                               10     1   2  2  

PowerPlay Forward 
   Center                   Left Wing                Right Wing               Time % Phy DF OF 
 1 Jesperi Kotkaniemi       Jesse Ylonen             Aliaksei Protas          60     1   2  2  
 2 Peyton Krebs             Sonny Milano             Emil Bemstrom            40     1   2  2  

PowerPlay Defense
   Defense                  Defense                                           Time % Phy DF OF 
 1 Juuso Valimaki           Ryan Suter                                        60     1   2  2  
 2 Ben Hutton               Conor Timmins                                     40     1   1  3  

Penalty Kill 4 Players Forward 
   Center                   Wing                     Time % Phy DF OF 
 1 Paul Cotter              Aliaksei Protas          60     1   2  2  
 2 Sonny Milano             Brendan Gallagher        40     1   2  2  

Penalty Kill 4 Players Defense
   Defense                  Defense                  Time % Phy DF OF 
 1 Marc-Edouard Vlasic      Sean Walker              60     1   2  2  
 2 Conor Timmins            Juuso Valimaki           40     1   2  2  

Penalty Kill - 3 Players Forward 
   Forward                                           Time % Phy DF OF 
 1 Paul Cotter                                       60     1   2  2  
 2 Cal Clutterbuck                                   40     1   2  2  

Penalty Kill - 3 Players Defense
   Defense                  Defense                  Time % Phy DF OF 
 1 Marc-Edouard Vlasic      Ryan Suter               60     1   2  2  
 2 Sean Walker              Ben Hutton               40     1   2  2  

4 vs 4 Forward 
   Center                   Wing                     Time % Phy DF OF 
 1 Jesperi Kotkaniemi       Emil Bemstrom            60     1   2  2  
 2 Peyton Krebs             Brendan Gallagher        40     1   2  2  

4 vs 4 Defense
   Defense                  Defense                  Time % Phy DF OF 
 1 Marc-Edouard Vlasic      Juuso Valimaki           60     1   2  2  
 2 Conor Timmins            Ryan Suter               40     1   2  2  

Last Minutes Offensive
   Center                   Left Wing                Right Wing               Defense                  Defense                  
   Peyton Krebs             Jesperi Kotkaniemi       Aliaksei Protas          Conor Timmins            Juuso Valimaki           

Last Minutes Defensive
   Center                   Left Wing                Right Wing               Defense                  Defense                  
   Paul Cotter              Aliaksei Protas          Cal Clutterbuck          Marc-Edouard Vlasic      Ryan Suter               

Goaltenders
Starting : Matthew Villalta         
Backup : Carter Hart              

Extra Forwards
Normal : Aliaksei Protas, Peyton Krebs, Alexander Radulov - PP : Aliaksei Protas, Peyton Krebs - PK : Alexander Radulov
Extra Defensemen
Normal : Sean Walker, Juuso Valimaki, Conor Timmins - PP : Sean Walker - PK : Juuso Valimaki, Conor Timmins
Penalty Shots
Jesse Ylonen, Jesperi Kotkaniemi, Sonny Milano, Nicklas Backstrom, Peyton Krebs

Scratches
Patrik Nemeth (Healthy), Zach Senyshyn (Healthy)

% Time on Ice - WINNIPEG Jets

Lines # - Real PCT - Wanted PCT - Time Play
Normal Forward
1 - 31% - 32% - 14:59
2 - 24% - 30% - 11:16
3 - 22% - 28% - 10:23
4 - 24% - 10% - 11:16
Normal Defense
1 - 39% - 40% - 18:45
2 - 32% - 30% - 15:11
3 - 21% - 20% - 9:55
4 - 8% - 10% - 4:03
PP Forward
1 - 39% - 60% - 0:37
2 - 61% - 40% - 0:59
PP Defense
1 - 66% - 60% - 1:03
2 - 34% - 40% - 0:33
PK Forward
1 - 70% - 60% - 7:19
2 - 30% - 40% - 3:11
PK Defense
1 - 39% - 60% - 4:05
2 - 61% - 40% - 6:25
PK3 Forward
1 - 0% - 60%
2 - 0% - 40%
PK3 Defense
1 - 0% - 60%
2 - 0% - 40%
44 Forward
1 - 0% - 60%
2 - 0% - 40%
44 Defense
1 - 0% - 60%
2 - 0% - 40%
Last Minute Offensive  - 0:00
Last Minute Defensive  - 0:00
Total
Forward - 60:00
Defense - 60:00

% Time on Ice - DALLAS Stars

Lines # - Real PCT - Wanted PCT - Time Play
Normal Forward
1 - 34% - 35% - 16:10
2 - 29% - 30% - 13:58
3 - 19% - 20% - 9:17
4 - 18% - 15% - 8:29
Normal Defense
1 - 38% - 40% - 18:04
2 - 30% - 30% - 14:26
3 - 26% - 20% - 12:31
4 - 6% - 10% - 2:53
PP Forward
1 - 54% - 60% - 5:41
2 - 46% - 40% - 4:49
PP Defense
1 - 52% - 60% - 5:25
2 - 48% - 40% - 5:05
PK Forward
1 - 100% - 60% - 1:36
2 - 0% - 40% - 0:00
PK Defense
1 - 86% - 60% - 1:23
2 - 14% - 40% - 0:13
PK3 Forward
1 - 0% - 60%
2 - 0% - 40%
PK3 Defense
1 - 0% - 60%
2 - 0% - 40%
44 Forward
1 - 0% - 60%
2 - 0% - 40%
44 Defense
1 - 0% - 60%
2 - 0% - 40%
Last Minute Offensive  - 0:00
Last Minute Defensive  - 0:00
Total
Forward - 60:00
Defense - 60:00

Play-by-Play

1st period


0:01 of 1st period - Peyton Krebs wins face-off versus Nick Suzuki in neutral zone.
0:04 of 1st period - Nick Suzuki is hit by Sonny Milano and loses puck.
1:00 of 1st period - Icing by Trevor van Riemsdyk.
1:01 of 1st period - Jesperi Kotkaniemi wins face-off versus Logan Couture in WINNIPEG Jets zone.
1:04 of 1st period - Shot by Emil Bemstrom.
1:04 of 1st period - Shot Misses the Net.
1:06 of 1st period - Shot by Conor Timmins.
1:06 of 1st period - Stopped by Jeremy Swayman with a rebound.
1:10 of 1st period - Shot by Jesperi Kotkaniemi.
1:10 of 1st period - Stopped by Jeremy Swayman with a rebound.
1:27 of 1st period - Icing by Trevor van Riemsdyk.
1:28 of 1st period - Paul Cotter wins face-off versus Logan Couture in WINNIPEG Jets zone.
2:54 of 1st period - Marc-Edouard Vlasic is hit by Jaden Schwartz and loses puck.
3:10 of 1st period - Off-side.
3:11 of 1st period - Nick Suzuki wins face-off versus Jesperi Kotkaniemi in neutral zone.
3:32 of 1st period - Shot by Emil Bemstrom.
3:32 of 1st period - Shot Blocked by Miro Heiskanen.
3:34 of 1st period - Shot by Ryan Suter.
3:34 of 1st period - Stopped by Jeremy Swayman without a rebound.
3:35 of 1st period - Logan Couture wins face-off versus Peyton Krebs in WINNIPEG Jets zone.
3:42 of 1st period - Shot by Tim Stutzle.
3:42 of 1st period - Shot Blocked by Jesse Ylonen.
3:44 of 1st period - Shot by Tim Stutzle.
3:44 of 1st period - Shot Misses the Net.
4:01 of 1st period - Minor Penalty to Logan Couture for Tripping.
4:02 of 1st period - Nick Suzuki wins face-off versus Jesperi Kotkaniemi in WINNIPEG Jets zone.
5:14 of 1st period - Icing by Sonny Milano.
5:15 of 1st period - Nick Suzuki wins face-off versus Peyton Krebs in DALLAS Stars zone.
5:24 of 1st period - Shot by Conor Timmins.
5:24 of 1st period - Shot Blocked by Brian Dumoulin.
5:53 of 1st period - Shot by Jesperi Kotkaniemi.
5:53 of 1st period - Goal by Jesperi Kotkaniemi - WINNIPEG Jets : 0 - DALLAS Stars : 1.
5:54 of 1st period - Troy Terry wins face-off versus Alexander Radulov in neutral zone.
6:25 of 1st period - Minor Penalty to Evan Bouchard for Tripping.
6:26 of 1st period - Nick Suzuki wins face-off versus Jesperi Kotkaniemi in WINNIPEG Jets zone.
7:27 of 1st period - Shot by Ryan Suter.
7:27 of 1st period - Shot Misses the Net.
7:29 of 1st period - Shot by Juuso Valimaki.
7:29 of 1st period - Stopped by Jeremy Swayman without a rebound.
7:30 of 1st period - Ilya Mikheyev wins face-off versus Peyton Krebs in WINNIPEG Jets zone.
7:43 of 1st period - Shot by Brian Dumoulin.
7:43 of 1st period - Goal by Brian Dumoulin - WINNIPEG Jets : 1 - DALLAS Stars : 1.
7:44 of 1st period - Radek Faksa wins face-off versus Peyton Krebs in neutral zone.
7:50 of 1st period - Icing by Juuso Valimaki.
7:51 of 1st period - Peyton Krebs wins face-off versus Nick Suzuki in DALLAS Stars zone.
8:01 of 1st period - Juuso Valimaki is hit by Nick Suzuki.
8:35 of 1st period - Shot by Paul Cotter.
8:35 of 1st period - Deflect By Aliaksei Protas.
8:35 of 1st period - Stopped by Jeremy Swayman without a rebound.
8:36 of 1st period - Logan Couture wins face-off versus Alexander Radulov in WINNIPEG Jets zone.
9:53 of 1st period - Shot by Jesse Ylonen.
9:53 of 1st period - Shot Blocked by Brandon Hagel.
9:55 of 1st period - Shot by Marc-Edouard Vlasic.
9:55 of 1st period - Stopped by Jeremy Swayman without a rebound.
9:56 of 1st period - Jesperi Kotkaniemi wins face-off versus Ilya Mikheyev in WINNIPEG Jets zone.
10:11 of 1st period - Shot by Ryan Suter.
10:11 of 1st period - Stopped by Jeremy Swayman without a rebound.
10:12 of 1st period - Logan Couture wins face-off versus Jesse Ylonen in WINNIPEG Jets zone.
10:12 of 1st period - Logan Couture is hit by Sonny Milano.
10:15 of 1st period - Icing by Miro Heiskanen.
10:16 of 1st period - Logan Couture wins face-off versus Emil Bemstrom in WINNIPEG Jets zone.
10:16 of 1st period - Logan Couture is hit by Brendan Gallagher.
10:21 of 1st period - Clayton Keller is hit by Juuso Valimaki and loses puck.
10:28 of 1st period - Shot by Jesperi Kotkaniemi.
10:28 of 1st period - Goal by Jesperi Kotkaniemi - WINNIPEG Jets : 1 - DALLAS Stars : 2.
10:29 of 1st period - Nick Suzuki wins face-off versus Peyton Krebs in neutral zone.
10:29 of 1st period - Trevor van Riemsdyk is hit by Peyton Krebs and loses puck.
10:34 of 1st period - Trevor van Riemsdyk is hit by Sonny Milano and loses puck.
10:59 of 1st period - Shot by Mathew Barzal.
10:59 of 1st period - Stopped by Matthew Villalta without a rebound.
11:00 of 1st period - Jesperi Kotkaniemi wins face-off versus Logan Couture in DALLAS Stars zone.
11:14 of 1st period - Clayton Keller is hit by Juuso Valimaki and loses puck.
11:43 of 1st period - Shot by Jesperi Kotkaniemi.
11:43 of 1st period - Stopped by Jeremy Swayman with a rebound.
11:56 of 1st period - Off-side.
11:57 of 1st period - Nick Suzuki wins face-off versus Peyton Krebs in neutral zone.
12:04 of 1st period - Shot by Mathew Barzal.
12:04 of 1st period - Stopped by Matthew Villalta without a rebound.
12:05 of 1st period - Peyton Krebs wins face-off versus Nick Suzuki in DALLAS Stars zone.
12:05 of 1st period - Peyton Krebs is hit by Mathew Barzal.
12:23 of 1st period - Icing by Trevor van Riemsdyk.
12:24 of 1st period - Nick Suzuki wins face-off versus Paul Cotter in WINNIPEG Jets zone.
12:51 of 1st period - Brandon Hagel is hit by Sean Walker and loses puck.
13:01 of 1st period - Minor Penalty to Paul Cotter for Roughing.
13:02 of 1st period - Logan Couture wins face-off versus Alexander Radulov in DALLAS Stars zone.
13:02 of 1st period - Tim Stutzle is hit by Juuso Valimaki.
13:04 of 1st period - Shot by Miro Heiskanen.
13:04 of 1st period - Shot Blocked by Juuso Valimaki.
13:06 of 1st period - Shot by Logan Couture.
13:06 of 1st period - Stopped by Matthew Villalta without a rebound.
13:07 of 1st period - Alexander Radulov wins face-off versus Logan Couture in DALLAS Stars zone.
13:20 of 1st period - Shot by Logan Couture.
13:20 of 1st period - Deflect By Tim Stutzle.
13:20 of 1st period - Stopped by Matthew Villalta without a rebound.
13:21 of 1st period - Nick Suzuki wins face-off versus Alexander Radulov in DALLAS Stars zone.
13:24 of 1st period - Shot by Rasmus Dahlin.
13:24 of 1st period - Goal by Rasmus Dahlin - WINNIPEG Jets : 2 - DALLAS Stars : 2.
13:25 of 1st period - Logan Couture wins face-off versus Peyton Krebs in neutral zone.
13:42 of 1st period - Shot by Tim Stutzle.
13:42 of 1st period - Stopped by Matthew Villalta with a rebound.
13:52 of 1st period - Shot by Peyton Krebs.
13:52 of 1st period - Deflect By Sonny Milano.
13:52 of 1st period - Stopped by Jeremy Swayman with a rebound.
13:56 of 1st period - Shot by Jesse Ylonen.
13:56 of 1st period - Stopped by Jeremy Swayman without a rebound.
13:57 of 1st period - Jesperi Kotkaniemi wins face-off versus Nick Suzuki in WINNIPEG Jets zone.
14:40 of 1st period - Shot by Mathew Barzal.
14:40 of 1st period - Stopped by Matthew Villalta without a rebound.
14:41 of 1st period - Peyton Krebs wins face-off versus Logan Couture in DALLAS Stars zone.
15:04 of 1st period - Shot by Alexander Kerfoot.
15:04 of 1st period - Stopped by Matthew Villalta without a rebound.
15:05 of 1st period - Paul Cotter wins face-off versus Radek Faksa in DALLAS Stars zone.
15:05 of 1st period - Paul Cotter is hit by Radek Faksa.
15:08 of 1st period - Icing by Ben Hutton.
15:09 of 1st period - Logan Couture wins face-off versus Paul Cotter in DALLAS Stars zone.
15:13 of 1st period - Icing by Sean Walker.
15:14 of 1st period - Paul Cotter wins face-off versus Logan Couture in DALLAS Stars zone.
15:14 of 1st period - Ben Hutton is hit by Logan Couture and loses puck.
15:59 of 1st period - Brian Dumoulin is hit by Aliaksei Protas and loses puck.
16:30 of 1st period - Icing by Brandon Hagel.
16:31 of 1st period - Peyton Krebs wins face-off versus Nick Suzuki in WINNIPEG Jets zone.
16:32 of 1st period - Shot by Sonny Milano.
16:32 of 1st period - Goal by Sonny Milano - WINNIPEG Jets : 2 - DALLAS Stars : 3.
16:33 of 1st period - Peyton Krebs wins face-off versus Nick Suzuki in neutral zone.
16:35 of 1st period - Ryan Suter is hit by Rasmus Dahlin and loses puck.
16:44 of 1st period - Jesse Ylonen is hit by Nick Suzuki and loses puck.
16:51 of 1st period - Shot by Brandon Hagel.
16:51 of 1st period - Stopped by Matthew Villalta without a rebound.
16:52 of 1st period - Radek Faksa wins face-off versus Jesperi Kotkaniemi in DALLAS Stars zone.
17:03 of 1st period - Shot by Jaden Schwartz.
17:03 of 1st period - Shot Blocked by Conor Timmins.
17:28 of 1st period - Ilya Mikheyev is hit by Brendan Gallagher.
18:04 of 1st period - Clayton Keller is hit by Peyton Krebs and loses puck.
18:08 of 1st period - Brian Dumoulin is hit by Ryan Suter and loses puck.
18:17 of 1st period - Shot by Clayton Keller.
18:17 of 1st period - Shot Misses the Net.
18:19 of 1st period - Shot by Logan Couture.
18:19 of 1st period - Goal by Logan Couture - WINNIPEG Jets : 3 - DALLAS Stars : 3.
18:20 of 1st period - Nick Suzuki wins face-off versus Alexander Radulov in neutral zone.
19:38 of 1st period - Peyton Krebs is hit by Brandon Hagel and loses puck.
Goals for this period are 3 for WINNIPEG Jets vs 3 for DALLAS Stars.
Shots for this period are 11 for WINNIPEG Jets vs 13 for DALLAS Stars.

2nd period


0:01 of 2nd period - Logan Couture wins face-off versus Jesperi Kotkaniemi in neutral zone.
0:11 of 2nd period - Shot by Logan Couture.
0:11 of 2nd period - Stopped by Matthew Villalta without a rebound.
0:12 of 2nd period - Logan Couture wins face-off versus Peyton Krebs in DALLAS Stars zone.
0:29 of 2nd period - Shot by Logan Couture.
0:29 of 2nd period - Shot Misses the Net.
0:31 of 2nd period - Shot by Tim Stutzle.
0:31 of 2nd period - Goal by Tim Stutzle - WINNIPEG Jets : 4 - DALLAS Stars : 3.
0:32 of 2nd period - Nick Suzuki wins face-off versus Jesperi Kotkaniemi in neutral zone.
0:49 of 2nd period - Shot by Brian Dumoulin.
0:49 of 2nd period - Shot Misses the Net.
0:51 of 2nd period - Shot by Brandon Hagel.
0:51 of 2nd period - Stopped by Matthew Villalta with a rebound.
0:53 of 2nd period - Shot by Nick Suzuki.
0:53 of 2nd period - Stopped by Matthew Villalta without a rebound.
0:54 of 2nd period - Logan Couture wins face-off versus Peyton Krebs in DALLAS Stars zone.
1:07 of 2nd period - Shot by Jesse Ylonen.
1:07 of 2nd period - Stopped by Jeremy Swayman without a rebound.
1:08 of 2nd period - Nick Suzuki wins face-off versus Jesperi Kotkaniemi in WINNIPEG Jets zone.
1:21 of 2nd period - Shot by Jesperi Kotkaniemi.
1:21 of 2nd period - Stopped by Jeremy Swayman with a rebound.
1:23 of 2nd period - Shot by Ryan Suter.
1:23 of 2nd period - Shot Blocked by Miro Heiskanen.
1:25 of 2nd period - Shot by Juuso Valimaki.
1:25 of 2nd period - Shot Misses the Net.
1:27 of 2nd period - Shot by Emil Bemstrom.
1:27 of 2nd period - Shot Misses the Net.
1:33 of 2nd period - Shot by Jesperi Kotkaniemi.
1:33 of 2nd period - Shot Blocked by Brian Dumoulin.
1:35 of 2nd period - Shot by Jesperi Kotkaniemi.
1:35 of 2nd period - Stopped by Jeremy Swayman without a rebound.
1:36 of 2nd period - Peyton Krebs wins face-off versus Logan Couture in WINNIPEG Jets zone.
3:12 of 2nd period - Brendan Gallagher is hit by Miro Heiskanen and loses puck.
3:19 of 2nd period - Shot by Emil Bemstrom.
3:19 of 2nd period - Shot Misses the Net.
3:33 of 2nd period - Shot by Sean Walker.
3:33 of 2nd period - Deflect By Paul Cotter.
3:33 of 2nd period - Shot Misses the Net.
3:35 of 2nd period - Shot by Aliaksei Protas.
3:35 of 2nd period - Stopped by Jeremy Swayman with a rebound.
3:37 of 2nd period - Shot by Aliaksei Protas.
3:37 of 2nd period - Stopped by Jeremy Swayman without a rebound.
3:38 of 2nd period - Nick Suzuki wins face-off versus Alexander Radulov in WINNIPEG Jets zone.
4:06 of 2nd period - Icing by Trevor van Riemsdyk.
4:07 of 2nd period - Paul Cotter wins face-off versus Nick Suzuki in WINNIPEG Jets zone.
4:31 of 2nd period - Marc-Edouard Vlasic is hit by Nick Suzuki and loses puck.
4:43 of 2nd period - Marc-Edouard Vlasic is hit by Travis Sanheim and loses puck.
4:50 of 2nd period - Paul Cotter is hit by Logan Couture and loses puck.
5:05 of 2nd period - Shot by Logan Couture.
5:05 of 2nd period - Goal by Logan Couture - WINNIPEG Jets : 5 - DALLAS Stars : 3.
5:05 of 2nd period - Carter Hart enters game.
5:06 of 2nd period - Peyton Krebs wins face-off versus Radek Faksa in neutral zone.
5:19 of 2nd period - Shot by Ilya Mikheyev.
5:19 of 2nd period - Shot Misses the Net.
5:21 of 2nd period - Shot by Brian Dumoulin.
5:21 of 2nd period - Stopped by Carter Hart with a rebound.
5:23 of 2nd period - Shot by Miro Heiskanen.
5:23 of 2nd period - Stopped by Carter Hart without a rebound.
5:24 of 2nd period - Logan Couture wins face-off versus Jesperi Kotkaniemi in DALLAS Stars zone.
5:24 of 2nd period - Logan Couture is hit by Ben Hutton.
5:47 of 2nd period - Shot by Logan Couture.
5:47 of 2nd period - Shot Blocked by Sean Walker.
5:49 of 2nd period - Shot by Travis Sanheim.
5:49 of 2nd period - Shot Misses the Net.
5:51 of 2nd period - Shot by Alexander Kerfoot.
5:51 of 2nd period - Stopped by Carter Hart without a rebound.
5:52 of 2nd period - Peyton Krebs wins face-off versus Nick Suzuki in DALLAS Stars zone.
6:33 of 2nd period - Shot by Brandon Hagel.
6:33 of 2nd period - Shot Misses the Net.
6:35 of 2nd period - Shot by Brandon Hagel.
6:35 of 2nd period - Shot Misses the Net.
6:37 of 2nd period - Shot by Miro Heiskanen.
6:37 of 2nd period - Shot Misses the Net.
7:03 of 2nd period - Shot by Logan Couture.
7:03 of 2nd period - Stopped by Carter Hart with a rebound.
7:57 of 2nd period - Shot by Travis Sanheim.
7:57 of 2nd period - Shot Misses the Net.
8:20 of 2nd period - Icing by Ben Hutton.
8:21 of 2nd period - Nick Suzuki wins face-off versus Paul Cotter in DALLAS Stars zone.
9:35 of 2nd period - Shot by Alexander Kerfoot.
9:35 of 2nd period - Shot Blocked by Conor Timmins.
10:06 of 2nd period - Logan Couture is hit by Conor Timmins and loses puck.
10:52 of 2nd period - Shot by Ilya Mikheyev.
10:52 of 2nd period - Deflect By Radek Faksa.
10:52 of 2nd period - Shot Misses the Net.
10:54 of 2nd period - Shot by Travis Sanheim.
10:54 of 2nd period - Stopped by Carter Hart without a rebound.
10:55 of 2nd period - Peyton Krebs wins face-off versus Nick Suzuki in DALLAS Stars zone.
10:57 of 2nd period - Icing by Ryan Suter.
10:58 of 2nd period - Nick Suzuki wins face-off versus Peyton Krebs in DALLAS Stars zone.
11:16 of 2nd period - Minor Penalty to Ryan Suter for Hooking.
11:17 of 2nd period - Logan Couture wins face-off versus Paul Cotter in DALLAS Stars zone.
11:26 of 2nd period - Shot by Mathew Barzal.
11:26 of 2nd period - Stopped by Carter Hart without a rebound.
11:27 of 2nd period - Nick Suzuki wins face-off versus Paul Cotter in DALLAS Stars zone.
11:51 of 2nd period - Shot by Brandon Hagel.
11:51 of 2nd period - Shot Blocked by Juuso Valimaki.
11:53 of 2nd period - Shot by Brandon Hagel.
11:53 of 2nd period - Stopped by Carter Hart without a rebound.
11:54 of 2nd period - Logan Couture wins face-off versus Paul Cotter in DALLAS Stars zone.
12:01 of 2nd period - Shot by Miro Heiskanen.
12:01 of 2nd period - Shot Misses the Net.
12:03 of 2nd period - Shot by Travis Sanheim.
12:03 of 2nd period - Shot Blocked by Marc-Edouard Vlasic.
12:05 of 2nd period - Shot by Tim Stutzle.
12:05 of 2nd period - Shot Misses the Net.
12:07 of 2nd period - Shot by Miro Heiskanen.
12:07 of 2nd period - Goal by Miro Heiskanen - WINNIPEG Jets : 6 - DALLAS Stars : 3.
12:08 of 2nd period - Jesperi Kotkaniemi wins face-off versus Logan Couture in neutral zone.
12:08 of 2nd period - Jesperi Kotkaniemi is hit by Alexander Kerfoot.
12:13 of 2nd period - Minor Penalty to Rasmus Dahlin for Slashing.
12:14 of 2nd period - Nick Suzuki wins face-off versus Peyton Krebs in WINNIPEG Jets zone.
13:17 of 2nd period - Nick Suzuki is hit by Jesperi Kotkaniemi and loses puck.
13:55 of 2nd period - Icing by Jesse Ylonen.
13:56 of 2nd period - Radek Faksa wins face-off versus Jesperi Kotkaniemi in DALLAS Stars zone.
14:38 of 2nd period - Shot by Alexander Radulov.
14:38 of 2nd period - Stopped by Jeremy Swayman without a rebound.
14:39 of 2nd period - Jesperi Kotkaniemi wins face-off versus Radek Faksa in WINNIPEG Jets zone.
15:06 of 2nd period - Shot by Emil Bemstrom.
15:06 of 2nd period - Stopped by Jeremy Swayman with a rebound.
15:25 of 2nd period - Evan Bouchard is hit by Marc-Edouard Vlasic and loses puck.
15:44 of 2nd period - Logan Couture is hit by Conor Timmins and loses puck.
16:26 of 2nd period - Icing by Ryan Suter.
16:27 of 2nd period - Nick Suzuki wins face-off versus Peyton Krebs in DALLAS Stars zone.
16:27 of 2nd period - Nick Suzuki is hit by Ryan Suter.
16:45 of 2nd period - Shot by Brandon Hagel.
16:45 of 2nd period - Stopped by Carter Hart without a rebound.
16:46 of 2nd period - Paul Cotter wins face-off versus Radek Faksa in DALLAS Stars zone.
18:12 of 2nd period - Alexander Kerfoot is hit by Ryan Suter and loses puck.
18:31 of 2nd period - Shot by Brandon Hagel.
18:31 of 2nd period - Shot Misses the Net.
18:33 of 2nd period - Shot by Travis Sanheim.
18:33 of 2nd period - Shot Blocked by Ryan Suter.
18:35 of 2nd period - Shot by Brandon Hagel.
18:35 of 2nd period - Shot Blocked by Ryan Suter.
18:37 of 2nd period - Shot by Evan Bouchard.
18:37 of 2nd period - Shot Misses the Net.
18:39 of 2nd period - Shot by Brandon Hagel.
18:39 of 2nd period - Stopped by Carter Hart with a rebound.
18:41 of 2nd period - Shot by Brandon Hagel.
18:41 of 2nd period - Deflect By Nick Suzuki.
18:41 of 2nd period - Stopped by Carter Hart without a rebound.
18:41 of 2nd period - Minor Penalty to Ryan Suter for Tripping.
18:42 of 2nd period - Nick Suzuki wins face-off versus Paul Cotter in DALLAS Stars zone.
18:47 of 2nd period - Shot by Brandon Hagel.
18:47 of 2nd period - Goal by Brandon Hagel - WINNIPEG Jets : 7 - DALLAS Stars : 3.
18:47 of 2nd period - Matthew Villalta enters game.
18:48 of 2nd period - Jesperi Kotkaniemi wins face-off versus Radek Faksa in neutral zone.
18:48 of 2nd period - Jesperi Kotkaniemi is hit by Ilya Mikheyev.
19:04 of 2nd period - Shot by Jesperi Kotkaniemi.
19:04 of 2nd period - Deflect By Emil Bemstrom.
19:04 of 2nd period - Shot Misses the Net.
19:25 of 2nd period - Evan Bouchard is hit by Jesperi Kotkaniemi and loses puck.
19:33 of 2nd period - Brendan Gallagher is hit by Evan Bouchard and loses puck.
19:41 of 2nd period - Icing by Radek Faksa.
19:42 of 2nd period - Radek Faksa wins face-off versus Paul Cotter in WINNIPEG Jets zone.
19:42 of 2nd period - Radek Faksa is hit by Aliaksei Protas.
Goals for this period are 4 for WINNIPEG Jets vs 0 for DALLAS Stars.
Shots for this period are 17 for WINNIPEG Jets vs 7 for DALLAS Stars.

3rd period


0:01 of 3rd period - Logan Couture wins face-off versus Peyton Krebs in neutral zone.
0:13 of 3rd period - Icing by Ryan Suter.
0:14 of 3rd period - Nick Suzuki wins face-off versus Peyton Krebs in DALLAS Stars zone.
0:27 of 3rd period - Nick Suzuki is hit by Jesse Ylonen and loses puck.
1:20 of 3rd period - Shot by Logan Couture.
1:20 of 3rd period - Shot Misses the Net.
1:22 of 3rd period - Shot by Logan Couture.
1:22 of 3rd period - Shot Blocked by Marc-Edouard Vlasic.
1:30 of 3rd period - Alexander Kerfoot is hit by Jesperi Kotkaniemi and loses puck.
2:11 of 3rd period - Shot by Evan Bouchard.
2:11 of 3rd period - Stopped by Matthew Villalta with a rebound.
2:55 of 3rd period - Shot by Nick Suzuki.
2:55 of 3rd period - Stopped by Matthew Villalta without a rebound.
2:56 of 3rd period - Logan Couture wins face-off versus Peyton Krebs in DALLAS Stars zone.
3:09 of 3rd period - Shot by Logan Couture.
3:09 of 3rd period - Shot Blocked by Ryan Suter.
3:16 of 3rd period - Ryan Suter is hit by Rasmus Dahlin and loses puck.
3:27 of 3rd period - Shot by Sonny Milano.
3:27 of 3rd period - Stopped by Jeremy Swayman with a rebound.
3:38 of 3rd period - Minor Penalty to Rasmus Dahlin for Tripping.
3:39 of 3rd period - Jesperi Kotkaniemi wins face-off versus Nick Suzuki in WINNIPEG Jets zone.
4:09 of 3rd period - Brian Dumoulin is hit by Jesperi Kotkaniemi and loses puck.
4:26 of 3rd period - Shot by Juuso Valimaki.
4:26 of 3rd period - Deflect By Sonny Milano.
4:26 of 3rd period - Stopped by Jeremy Swayman with a rebound.
4:28 of 3rd period - Shot by Emil Bemstrom.
4:28 of 3rd period - Shot Misses the Net.
5:54 of 3rd period - Shot by Tim Stutzle.
5:54 of 3rd period - Shot Misses the Net.
5:58 of 3rd period - Shot by Tim Stutzle.
5:58 of 3rd period - Shot Blocked by Marc-Edouard Vlasic.
6:21 of 3rd period - Icing by Sean Walker.
6:22 of 3rd period - Radek Faksa wins face-off versus Alexander Radulov in DALLAS Stars zone.
6:35 of 3rd period - Shot by Jaden Schwartz.
6:35 of 3rd period - Deflect By Ilya Mikheyev.
6:35 of 3rd period - Stopped by Matthew Villalta without a rebound.
6:36 of 3rd period - Peyton Krebs wins face-off versus Radek Faksa in DALLAS Stars zone.
6:40 of 3rd period - Sonny Milano is hit by Miro Heiskanen and loses puck.
6:53 of 3rd period - Shot by Sonny Milano.
6:53 of 3rd period - Goal by Sonny Milano - WINNIPEG Jets : 7 - DALLAS Stars : 4.
6:54 of 3rd period - Logan Couture wins face-off versus Jesperi Kotkaniemi in neutral zone.
7:28 of 3rd period - Minor Penalty to Travis Sanheim for Tripping.
7:29 of 3rd period - Nick Suzuki wins face-off versus Jesperi Kotkaniemi in WINNIPEG Jets zone.
7:29 of 3rd period - Nick Suzuki is hit by Jesperi Kotkaniemi.
8:07 of 3rd period - Shot by Aliaksei Protas.
8:07 of 3rd period - Stopped by Jeremy Swayman without a rebound.
8:08 of 3rd period - Peyton Krebs wins face-off versus Nick Suzuki in WINNIPEG Jets zone.
8:47 of 3rd period - Trevor van Riemsdyk is hit by Emil Bemstrom and loses puck.
9:04 of 3rd period - Shot by Conor Timmins.
9:04 of 3rd period - Shot Misses the Net.
9:06 of 3rd period - Shot by Ben Hutton.
9:06 of 3rd period - Goal by Ben Hutton - WINNIPEG Jets : 7 - DALLAS Stars : 5.
9:07 of 3rd period - Logan Couture wins face-off versus Alexander Radulov in neutral zone.
9:07 of 3rd period - Tim Stutzle is hit by Andreas Johnsson and loses puck.
9:21 of 3rd period - Marc-Edouard Vlasic is hit by Logan Couture.
9:22 of 3rd period - Off-side.
9:23 of 3rd period - Radek Faksa wins face-off versus Paul Cotter in neutral zone.
9:26 of 3rd period - Shot by Miro Heiskanen.
9:26 of 3rd period - Shot Misses the Net.
9:28 of 3rd period - Shot by Radek Faksa.
9:28 of 3rd period - Stopped by Matthew Villalta without a rebound.
9:29 of 3rd period - Peyton Krebs wins face-off versus Logan Couture in DALLAS Stars zone.
9:51 of 3rd period - Shot by Troy Terry.
9:51 of 3rd period - Stopped by Matthew Villalta without a rebound.
9:52 of 3rd period - Jesperi Kotkaniemi wins face-off versus Nick Suzuki in DALLAS Stars zone.
9:58 of 3rd period - Icing by Brendan Gallagher.
9:59 of 3rd period - Jesperi Kotkaniemi wins face-off versus Logan Couture in DALLAS Stars zone.
11:07 of 3rd period - Minor Penalty to Marc-Edouard Vlasic for Holding.
11:08 of 3rd period - Logan Couture wins face-off versus Aliaksei Protas in DALLAS Stars zone.
11:13 of 3rd period - Shot by Rasmus Dahlin.
11:13 of 3rd period - Shot Blocked by Paul Cotter.
11:23 of 3rd period - Shot by Rasmus Dahlin.
11:23 of 3rd period - Goal by Rasmus Dahlin - WINNIPEG Jets : 8 - DALLAS Stars : 5.
11:24 of 3rd period - Ilya Mikheyev wins face-off versus Peyton Krebs in neutral zone.
13:17 of 3rd period - Icing by Ryan Suter.
13:18 of 3rd period - Jesperi Kotkaniemi wins face-off versus Logan Couture in DALLAS Stars zone.
13:18 of 3rd period - Jesperi Kotkaniemi is hit by Clayton Keller.
13:31 of 3rd period - Shot by Rasmus Dahlin.
13:31 of 3rd period - Shot Misses the Net.
13:36 of 3rd period - Alexander Kerfoot is hit by Juuso Valimaki and loses puck.
13:45 of 3rd period - Shot by Clayton Keller.
13:45 of 3rd period - Stopped by Matthew Villalta with a rebound.
13:47 of 3rd period - Shot by Alexander Kerfoot.
13:47 of 3rd period - Deflect By Clayton Keller.
13:47 of 3rd period - Shot Blocked by Juuso Valimaki.
13:49 of 3rd period - Shot by Clayton Keller.
13:49 of 3rd period - Deflect By Logan Couture.
13:49 of 3rd period - Stopped by Matthew Villalta without a rebound.
13:50 of 3rd period - Peyton Krebs wins face-off versus Radek Faksa in DALLAS Stars zone.
13:50 of 3rd period - Peyton Krebs is hit by Radek Faksa.
13:55 of 3rd period - Off-side.
13:56 of 3rd period - Radek Faksa wins face-off versus Peyton Krebs in neutral zone.
14:01 of 3rd period - Shot by Travis Sanheim.
14:01 of 3rd period - Deflect By Ilya Mikheyev.
14:01 of 3rd period - Shot Misses the Net.
14:03 of 3rd period - Shot by Radek Faksa.
14:03 of 3rd period - Stopped by Matthew Villalta with a rebound.
14:13 of 3rd period - Shot by Radek Faksa.
14:13 of 3rd period - Shot Misses the Net.
14:15 of 3rd period - Shot by Jaden Schwartz.
14:15 of 3rd period - Stopped by Matthew Villalta without a rebound.
14:16 of 3rd period - Logan Couture wins face-off versus Brendan Gallagher in DALLAS Stars zone.
14:37 of 3rd period - Shot by Logan Couture.
14:37 of 3rd period - Stopped by Matthew Villalta without a rebound.
14:38 of 3rd period - Nick Suzuki wins face-off versus Peyton Krebs in DALLAS Stars zone.
15:07 of 3rd period - Shot by Sonny Milano.
15:07 of 3rd period - Shot Blocked by Mathew Barzal.
15:09 of 3rd period - Shot by Peyton Krebs.
15:09 of 3rd period - Shot Hit the Post.
15:11 of 3rd period - Shot by Conor Timmins.
15:11 of 3rd period - Stopped by Jeremy Swayman without a rebound.
15:12 of 3rd period - Logan Couture wins face-off versus Jesperi Kotkaniemi in WINNIPEG Jets zone.
15:12 of 3rd period - Logan Couture is hit by Jesperi Kotkaniemi.
15:24 of 3rd period - Clayton Keller is hit by Juuso Valimaki and loses puck.
15:29 of 3rd period - Shot by Logan Couture.
15:29 of 3rd period - Shot Misses the Net.
15:35 of 3rd period - Shot by Alexander Kerfoot.
15:35 of 3rd period - Stopped by Matthew Villalta without a rebound.
15:35 of 3rd period - Brendan Gallagher and Clayton Keller fight to a draw.
15:35 of 3rd period - Penalty to Brendan Gallagher for Fighting.
15:35 of 3rd period - Penalty to Clayton Keller for Fighting.
15:36 of 3rd period - Radek Faksa wins face-off versus Paul Cotter in DALLAS Stars zone.
16:09 of 3rd period - Shot by Radek Faksa.
16:09 of 3rd period - Deflect By Ilya Mikheyev.
16:09 of 3rd period - Shot Misses the Net.
16:11 of 3rd period - Shot by Radek Faksa.
16:11 of 3rd period - Deflect By Jaden Schwartz.
16:11 of 3rd period - Goal by Jaden Schwartz - WINNIPEG Jets : 9 - DALLAS Stars : 5.
16:12 of 3rd period - Peyton Krebs wins face-off versus Logan Couture in neutral zone.
16:45 of 3rd period - Brian Dumoulin is hit by Sonny Milano and loses puck.
17:03 of 3rd period - Icing by Peyton Krebs.
17:04 of 3rd period - Peyton Krebs wins face-off versus Nick Suzuki in DALLAS Stars zone.
17:24 of 3rd period - Icing by Nick Suzuki.
17:25 of 3rd period - Nick Suzuki wins face-off versus Jesperi Kotkaniemi in WINNIPEG Jets zone.
17:25 of 3rd period - Nick Suzuki is hit by Aliaksei Protas.
17:30 of 3rd period - Trevor van Riemsdyk is hit by Conor Timmins and loses puck.
18:03 of 3rd period - Shot by Emil Bemstrom.
18:03 of 3rd period - Stopped by Jeremy Swayman with a rebound.
18:05 of 3rd period - Shot by Jesperi Kotkaniemi.
18:05 of 3rd period - Stopped by Jeremy Swayman without a rebound.
18:06 of 3rd period - Logan Couture wins face-off versus Alexander Radulov in WINNIPEG Jets zone.
18:56 of 3rd period - Minor Penalty to Tim Stutzle for Roughing.
18:57 of 3rd period - Nick Suzuki wins face-off versus Jesperi Kotkaniemi in WINNIPEG Jets zone.
19:29 of 3rd period - Icing by Jesse Ylonen.
19:30 of 3rd period - Jesperi Kotkaniemi wins face-off versus Nick Suzuki in DALLAS Stars zone.
19:38 of 3rd period - Shot by Ryan Suter.
19:38 of 3rd period - Stopped by Jeremy Swayman without a rebound.
19:39 of 3rd period - Nick Suzuki wins face-off versus Peyton Krebs in WINNIPEG Jets zone.
19:39 of 3rd period - Nick Suzuki is hit by Emil Bemstrom.
Goals for this period are 2 for WINNIPEG Jets vs 2 for DALLAS Stars.
Shots for this period are 13 for WINNIPEG Jets vs 9 for DALLAS Stars. Output by the SimonT Hockey Simulator (STHS) for Martin Benoit - Original Page W3C HTML5 Valid
Hockey Simulator - Hockey Simulation - Hockey Manager